 Dungeon Crawl Stone Soup version 0.19.4-10-g532645f (webtiles) character file.

37490 Chryso the Covert (level 14, -5/123 HPs)
             Began as a Kobold Warper on Feb 24, 2017.
             Was a Believer of Uskayaw.
             Slain by a death yak (11 damage)
             ... on level 5 of the Lair of Beasts on Feb 25, 2017.
             The game lasted 01:50:50 (18524 turns).

Chryso the Covert (Kobold Warper)                  Turns: 18524, Time: 01:50:51

Health: -5/123     AC: 27    Str: 13    XL:     14   Next: 29%
Magic:  14/24      EV:  3    Int: 17    God:    Uskayaw [**....]
Gold:   1152       SH:  0    Dex: 17    Spells: 7 memorised, 4 levels left

rFire  x . .     SeeInvis .     a - +9 long sword "Ypleschom" {slice, Stlth+}
rCold  + . .     Gourm    .     (armour currently unavailable)
rNeg   + + +     Faith    .     (shield restricted)
rPois  +         Spirit   .     (helmet currently unavailable)
rElec  .         Reflect  .     (cloak currently unavailable)
rCorr  .         Harm     .     (gloves currently unavailable)
MR     +....     NoTele   +     (boots currently unavailable)
Stlth  ++++++....               (no amulet)
                                N - ring "Lixzupt" {+Inv rF- rC+ Int+3}
                                Q - +2 ring of strength

@: tree-form, shrouded, very slightly contaminated, hasted, very quick
A: (horns 0), carnivore 3, regeneration 1, wild magic 1, evolution 1
a: Stomp, Line Pass, Renounce Religion, Evoke Invisibility


You were on level 5 of the Lair of Beasts.
You worshipped Uskayaw.
Uskayaw was noncommittal.
You were very full.
You were a tree.
You visited 3 branches of the dungeon, and saw 18 of its levels.
You also visited: Labyrinth and Ice Cave.

You collected 1152 gold pieces.

Inventory:

Hand Weapons
 a - the +9 long sword "Ypleschom" (weapon) {slice, Stlth+}
   (You found it on level 5 of the Dungeon)

   It inflicts extra damage upon your enemies.
   It makes you more stealthy.
 b - a +1 blowgun
 y - the +4 dagger of Rofeychixur {flame, rC- rN++ MR+++ Dex+4}
   (You found it on level 6 of the Dungeon)

   It has been specially enchanted to burn those struck by it, causing extra
   injury to most foes and up to half again as much damage against particularly
   susceptible opponents.
   It affects your dexterity (+4).
   It makes you vulnerable to cold.
   It greatly protects you from negative energy.
   It affects your resistance to hostile enchantments.
 S - the +3 shortbow "Diublece" {velocity, rF+ rN+ Str-4}
   (You found it on level 1 of the Lair of Beasts)

   Any arrow fired from it inflicts extra damage.
   It affects your strength (-4).
   It protects you from fire.
   It protects you from negative energy.
Missiles
 j - 274 arrows
 l - 2 needles of paralysis
 t - 76 poisoned needles
 F - 8 needles of sleeping
 O - 5 tomahawks of dispersal (quivered)
Armour
 m - a +2 cloak (melded)
 E - a +0 pair of boots (melded)
 H - the +8 swamp dragon scales of Fenwiur (melded) {rPois rF+}
   (You found it on level 6 of the Dungeon)

   It protects you from fire.
   It protects you from poison.
Rods
 L - a +4 rod of shadows (9/9)
   (You found it in a labyrinth)
Jewellery
 o - a +2 ring of protection
 z - an uncursed ring of protection from cold
 N - the ring "Lixzupt" (right branch) {+Inv rF- rC+ Int+3}
   (You found it in a labyrinth)

   [ring of intelligence]

   It affects your intelligence (+3).
   It makes you vulnerable to fire.
   It protects you from cold.
   It lets you turn invisible.
 Q - a +2 ring of strength (left branch)
Wands
 c - a wand of disintegration (7/24)
 k - a wand of polymorph (6/24)
 q - a wand of enslavement (20/24)
 x - a wand of confusion (23/48)
 D - a wand of paralysis (10/24)
 G - a wand of teleportation (3/9)
 M - a wand of disintegration (13/24)
 U - a wand of acid (3/15)
 Y - a wand of flame (27/48)
 Z - a wand of lightning (3/15)
Scrolls
 d - 6 scrolls of teleportation
 u - 4 scrolls of remove curse
 C - 2 scrolls of fog
 K - 2 scrolls of blinking
 X - 2 scrolls of fear
Potions
 i - a potion of lignification
 p - a potion of berserk rage
 r - 2 potions of brilliance
 J - 2 potions of agility
 T - a potion of flight
 V - a potion of cancellation
Books
 s - a book of Beasts

   Spells                             Type                      Level
   a - Summon Butterflies             Summoning                    1
   b - Call Canine Familiar           Summoning                    3
   c - Summon Ice Beast               Ice/Summoning                4
   d - Summon Mana Viper              Hexes/Summoning              5
   e - Summon Hydra                   Summoning                    7
 w - a book of Conjurations

   Spells                             Type                      Level
   a - Magic Dart                     Conjuration                  1
   b - Searing Ray                    Conjuration                  2
   c - Dazzling Spray                 Conjuration/Hexes            3
   d - Fulminant Prism                Conjuration/Hexes            4
   e - Iskenderun's Mystic Blast      Conjuration                  4
   f - Iskenderun's Battlesphere      Conjuration/Charms           5
 A - a book of Spatial Translocations

   Spells                             Type                      Level
   a - Blink                          Translocation                2
   b - Shroud of Golubria             Charms/Translocation         2
   c - Lesser Beckoning               Translocation                3
   d - Portal Projectile              Translocation                3
   e - Teleport Other                 Translocation                3
   f - Passage of Golubria            Translocation                4
 B - a Young Poisoner's Handbook

   Spells                             Type                      Level
   a - Sting                          Conjuration/Poison           1
   b - Mephitic Cloud                 Conjuration/Poison/Air       3
   c - Olgreb's Toxic Radiance        Poison                       4
   d - Alistair's Intoxication        Transmutation/Poison         5
   e - Venom Bolt                     Conjuration/Poison           5
Miscellaneous
 e - a sack of spiders
 f - a phantom mirror
 g - a fan of gales (inert)
 h - a lamp of fire (inert)
Comestibles
 v - 6 beef jerkies
 I - 24 royal jellies
 P - 5 chunks of flesh
 W - 10 meat rations


   Skills:
 + Level 7.5 Fighting
 + Level 6.1(9.8) Short Blades
 + Level 7.7(8.2) Long Blades
 + Level 1.0 Bows
 + Level 2.0 Throwing
 + Level 3.8 Armour
 * Level 10.3 Dodging
 + Level 10.9 Stealth
 + Level 6.7 Spellcasting
   Level 5.2 Conjurations
 + Level 4.8 Charms
 * Level 5.8 Summonings
 * Level 7.8 Translocations
 * Level 1.7 Transmutations
   Level 5.2 Air Magic
 + Level 4.4 Poison Magic
 + Level 1.4 Invocations
 * Level 5.2 Evocations


You had 4 spell levels left.
You knew the following spells:

 Your Spells              Type           Power        Failure   Level  Hunger
a - Blink                 Tloc           N/A          1%          2    None
b - Shroud of Golubria    Chrm/Tloc      #####.....   2%          2    None
c - Teleport Other        Tloc           #####...     2%          3    ##.....
d - Passage of Golubria   Tloc           N/A          12%         4    ####...
e - Lesser Beckoning      Tloc           #####.....   2%          3    ##.....
f - Alistair's Intoxicat  Tmut/Pois      ###.....     93%         5    #####..
g - Call Canine Familiar  Summ           ####....     6%          3    ##.....


Dungeon Overview and Level Annotations

Branches:
Dungeon (11/15)            Temple (1/1) D:6            Lair (6/6) D:9
 Shoals (0/4) Lair:3       Spider (0/4) Lair:3        Slime (0/5) Lair:5
    Orc (0/2) D:11

Altars:
Ashenzari
Cheibriados
Dithmenos
Elyvilon
Fedhas
Gozag
Hepliaklqana
Kikubaaqudgha
Makhleb
Nemelex Xobeh
Okawaru
Qazlal
Ru
Sif Muna
Trog
Uskayaw
Vehumet
Xom
Yredelemnul
Zin
The Shining One

Annotations:
D:8 Enzo's ghost, novice DEFi


Innate Abilities, Weirdness & Mutations

You are small and have problems with some larger weapons.
You are carnivorous and can eat meat at any time.
((You have a pair of small horns on your head.))
Your natural rate of healing is unusually fast.
Your spells are a little harder to cast, but a little more powerful.
You evolve.


Message History

You slash the death yak!
The death yak is severely wounded.
The death yak gores you!
* * * LOW HITPOINT WARNING * * *
You barely miss the death yak.
The death yak is severely wounded.
The death yak gores you but does no damage.
Casting: Shroud of Golubria
Confirm with . or Enter, or press ? or * to list all spells.
You miscast Shroud of Golubria.
Waves of light ripple over your body.
The death yak gores you but does no damage.
Casting: Shroud of Golubria
Confirm with . or Enter, or press ? or * to list all spells.
Space distorts slightly along a thin shroud covering your body.
The death yak gores you but does no damage.
You barely miss the death yak.
The death yak is severely wounded.
The death yak gores you but does no damage.
The death yak gores you!
You die...

#.................
##...........#.....
##.#....##..........
#.##....###.........
#####....##......... ###
#.#P..#..........
##.###................
#.....#...........#...
###....♣.............#..
##......YY...........###P
#..............=....P# ##
##...................# #.
##.....#............###.
########..........###..
####P.....P....##..
#.........P..<#.###
##<.......#...#####


You could see 2 death yaks.

Vanquished Creatures
  Gastronok (Lair:3)
  A minotaur (Lab)
  The ghost of muddybuddy the Severer, a journeyman MiFi of Okawaru (D:11)
  2 hydras
  Erica (D:10)
  A catoblepas (Lair:2)
  Urug (Lair:5)
  A hill giant (D:10)
  2 ugly things (IceCv)
  6 elephants (Lair:4)
  A manticore (D:11)
  3 black mambas
  3 ice statues (IceCv)
  A molten gargoyle (Lair:4)
  A torpor snail (Lair:3)
  A centaur skeleton (D:11)
  7 spiny frogs
  3 rime drakes
  A komodo dragon (Lair:6)
  A minotaur zombie (Lab)
  A queen bee (Lair:2)
  5 trolls
  2 polar bears
  3 hippogriffs
  A hornet (D:9)
  19 blink frogs
  Sigmund (D:6)
  3 redbacks (Lair:3)
  A wraith (D:9)
  A fire elemental (Lair:4)
  A vampire (D:8)
  4 wyverns
  26 yaks
  A soldier ant (D:9)
  2 hell hounds (D:9)
  6 water moccasins
  10 porcupines
  3 orc warriors
  2 sky beasts
  10 ice beasts
  A phantom (D:11)
  A hornet zombie (D:8)
  3 necrophages
  An ogre (D:11)
  3 wolves (Lair:3)
  3 centaurs
  9 crocodiles
  A big kobold (D:8)
  Blork the orc (D:4)
  12 bullfrogs
  A water moccasin zombie (D:7)
  4 scorpions
  32 killer bees
  12 wights
  A howler monkey (D:5)
  2 electric eels
  A bullfrog zombie (D:10)
  A centaur zombie (D:8)
  7 hounds
  6 crimson imps
  3 orc priests
  2 bullfrog skeletons (D:10)
  4 jellies
  12 orc wizards
  Crazy Yiuf (D:4)
  5 human zombies (D:9)
  6 iguanas
  2 human skeletons (D:9)
  8 worker ants
  An ogre zombie (D:9)
  A hound zombie (D:10)
  A hound skeleton (D:11)
  A howler monkey zombie (D:10)
  A mummy (D:9)
  A worker ant zombie (D:11)
  7 gnolls
  9 adders
  2 shadow imps
  12 white imps (Lair:1)
  9 oozes
  An adder skeleton (D:5)
  A worm (D:3)
  4 dart slugs
  5 leopard geckos
  27 orcs
  4 giant cockroaches
  9 goblins
  4 hobgoblins (D:2)
  14 jackals
  2 quokkas
  2 ball pythons
  4 bats
  7 frilled lizards
  A goblin skeleton (D:5)
  3 goblin zombies (D:5)
  2 hobgoblin zombies (D:5)
  12 kobolds
  A leopard gecko zombie (D:5)
  An orc skeleton (D:5)
  An orc zombie (D:5)
  8 rats
  A fungus (D:3)
  2 plants
447 creatures vanquished.

Vanquished Creatures (collateral kills)
  A bullfrog (Lair:4)
1 creature vanquished.

Vanquished Creatures (others)
  A quokka (D:6)
  A fire vortex (Lair:4)
  A fungus (Lair:4)
3 creatures vanquished.

Grand Total: 451 creatures vanquished

Notes
Turn   | Place    | Note
-------+----------+-------------------------------------------
     0 | D:1      | Chryso the Kobold Warper began the quest for the Orb.
     0 | D:1      | Reached XP level 1. HP: 12/12 MP: 3/3
   528 | D:1      | Reached XP level 2. HP: 17/17 MP: 5/5
   539 | D:1      | Reached skill level 1 in Armour
   561 | D:1      | Learned a level 2 spell: Blink
   564 | D:1      | Learned a level 2 spell: Shroud of Golubria
   905 | D:1      | Reached XP level 3. HP: 21/21 MP: 4/6
  1217 | D:2      | Reached XP level 4. HP: 19/26 MP: 2/7
  1368 | D:2      | Learned a level 3 spell: Teleport Other
  1687 | D:2      | Found a shimmering altar of Xom.
  2032 | D:2      | Found a hazy altar of Hepliaklqana.
  2334 | D:3      | Reached skill level 1 in Charms
  2343 | D:3      | Reached XP level 5. HP: 30/30 MP: 8/8
  2519 | D:3      | Found a snail-covered altar of Cheibriados.
  2646 | D:3      | Reached skill level 1 in Stealth
  2767 | D:3      | Reached XP level 6. HP: 36/36 MP: 7/9
  3393 | D:4      | Found a runed door.
  3397 | D:4      | Noticed Crazy Yiuf
  3402 | D:4      | Killed Crazy Yiuf
  3606 | D:4      | Noticed Blork the orc
  3627 | D:4      | Killed Blork the orc
  3627 | D:4      | Reached XP level 7. HP: 29/40 MP: 7/11
  3986 | D:5      | Entered Level 5 of the Dungeon
  4104 | D:5      | Found a glowing golden altar of the Shining One.
  4591 | D:5      | Found a glowing silver altar of Zin.
  4612 | D:5      | Reached skill level 5 in Short Blades
  4942 | D:5      | Noticed a water moccasin
  4964 | D:5      | Killed a water moccasin
  4997 | D:5      | Reached XP level 8. HP: 36/45 MP: 10/13
  5112 | D:5      | Learned a level 4 spell: Passage of Golubria
  5116 | D:5      | Learned a level 3 spell: Lesser Beckoning
  5290 | D:5      | Got a crystal long sword
  5295 | D:5      | Identified the +9 long sword "Ypleschom" {slice, Stlth+} (You found it on level 5 of the Dungeon)
  5628 | D:5      | Reached skill level 5 in Stealth
  5681 | D:6      | Reached skill level 5 in Dodging
  5742 | D:6      | Found a staircase to the Ecumenical Temple.
  5761 | Temple   | Entered the Ecumenical Temple
  6007 | Temple   | Became a worshipper of Uskayaw the Reveler
  6062 | D:6      | Reached * piety under Uskayaw
  6091 | Temple   | Reached ** piety under Uskayaw
  6096 | Temple   | Gained mutation: Your spells are a little harder to cast, but a little more powerful. [mutagenic meat]
  6097 | Temple   | Gained mutation: Your magical capacity is low. (-10% MP) [mutagenic meat]
  6099 | Temple   | Gained mutation: Scrolls take you a little longer to read. [mutagenic meat]
  6290 | D:6      | Reached *** piety under Uskayaw
  6292 | D:6      | Reached **** piety under Uskayaw
  6295 | D:6      | Reached skill level 1 in Long Blades
  6295 | D:6      | Reached XP level 9. HP: 21/52 MP: 8/13
  6296 | D:6      | Lost mutation: Your magical capacity is low. (-10% MP) [potion of cure mutation]
  6296 | D:6      | Lost mutation: Your spells are a little harder to cast, but a little more powerful. [potion of cure mutation]
  6296 | D:6      | Lost mutation: Scrolls take you a little longer to read. [potion of cure mutation]
  6456 | D:6      | Got a fine dagger
  6506 | D:6      | Found a white marble altar of Elyvilon.
  6653 | D:6      | Got bronze swamp dragon scales
  6654 | D:6      | Noticed Sigmund
  6666 | D:6      | Killed Sigmund
  7031 | D:6      | You fall through a shaft!
  7049 | D:7      | Identified the +4 dagger of Rofeychixur {flame, rC- rN++ MR+++ Dex+4} (You found it on level 6 of the Dungeon)
  7218 | D:7      | Found a sparkling altar of Nemelex Xobeh.
  7234 | D:7      | Identified the +8 swamp dragon scales of Fenwiur {rPois rF+} (You found it on level 6 of the Dungeon)
  7554 | D:7      | Gained mutation: Scrolls take you a little longer to read. [potion of mutation]
  7554 | D:7      | Gained mutation: You evolve. [potion of mutation]
  7554 | D:7      | Gained mutation: You have a pair of small horns on your head. [potion of mutation]
  8038 | D:8      | Gained mutation: Your natural rate of healing is unusually fast. [evolution]
  8041 | D:8      | Found a bloodstained altar of Trog.
  8060 | D:8      | Got a crystal dagger
  8220 | D:8      | Learned a level 3 spell: Mephitic Cloud
  8229 | D:8      | Reached skill level 5 in Spellcasting
  8277 | D:8      | Reached XP level 10. HP: 50/58 MP: 17/17
  8318 | D:8      | Noticed Enzo's ghost (novice DEFi)
  8515 | D:8      | Reached skill level 1 in Poison Magic
  8577 | D:8      | Reached skill level 5 in Fighting
  8995 | D:9      | Reached ***** piety under Uskayaw
  9074 | D:9      | Reached skill level 5 in Long Blades
  9108 | D:9      | Found a deep blue altar of Sif Muna.
  9330 | D:9      | Reached XP level 11. HP: 64/64 MP: 19/19
  9404 | D:9      | Reached skill level 1 in Air Magic
  9441 | D:9      | Found a staircase to the Lair.
  9487 | D:9      | Gained mutation: Your spells are a little harder to cast, but a little more powerful. [evolution]
  9553 | D:9      | Found an ancient bone altar of Kikubaaqudgha.
  9570 | D:9      | Reached skill level 1 in Conjurations
  9864 | D:10     | Entered Level 10 of the Dungeon
  9989 | D:10     | Learned a level 3 spell: Call Canine Familiar
 10170 | D:10     | Identified the +1 dagger of Anugh {pierce, Int+2 Dex+3 SInv} (You found it on level 8 of the Dungeon)
 10177 | D:10     | Noticed Erica
 10194 | D:10     | Killed Erica
 10232 | D:10     | Got a distressingly furry robe
 10307 | D:10     | Reached skill level 1 in Summonings
 10458 | D:10     | Noticed a hill giant
 10468 | D:10     | Killed a hill giant
 10660 | D:10     | Got a transparent leather armour
 10789 | D:10     | Reached skill level 5 in Translocations
 10864 | D:10     | Identified the +4 robe "Vumaufiy" {rF+ rC+ Str-4 Stlth+} (You found it on level 10 of the Dungeon)
 10874 | D:10     | Identified the +1 leather armour of the Dropbear {rElec rPois rF- MR++} (You found it on level 10 of the Dungeon)
 10936 | D:11     | Found a staircase to the Orcish Mines.
 10949 | D:11     | Noticed muddybuddy's ghost (journeyman MiFi)
 10968 | D:11     | Killed muddybuddy's ghost
 11201 | D:11     | Noticed a manticore
 11206 | D:11     | Reached XP level 12. HP: 70/70 MP: 21/21
 11621 | D:11     | Identified a scroll of acquirement
 11738 | Lair:1   | Entered Level 1 of the Lair of Beasts
 11967 | Lair:1   | Reached skill level 1 in Evocations
 12060 | Lair:1   | Got a smoking shortbow
 12156 | Lair:1   | Found a frozen archway.
 12195 | IceCv    | Entered an ice cave
 12747 | IceCv    | Identified the cursed +3 shortbow "Diublece" {velocity, rF+ rN+ Str-4} (You found it on level 1 of the Lair of Beasts)
 12841 | Lair:1   | Noticed an eight-headed hydra
 12855 | Lair:1   | Killed a ten-headed hydra
 13393 | Lair:2   | Reached ****** piety under Uskayaw
 13592 | Lair:2   | Noticed a catoblepas
 13616 | Lair:2   | Killed a catoblepas
 13616 | Lair:2   | Reached skill level 1 in Invocations
 13616 | Lair:2   | Reached XP level 13. HP: 41/76 MP: 20/22
 14411 | Lair:3   | Found a hole to the Spider Nest.
 14452 | Lair:3   | Noticed Gastronok
 14472 | Lair:3   | Killed Gastronok
 14472 | Lair:3   | Reached skill level 10 in Stealth
 14894 | Lair:3   | Found a staircase to the Shoals.
 15067 | Lair:3   | Found a runed door.
 15070 | Lair:3   | Noticed a four-headed hydra
 15100 | Lair:3   | Killed a four-headed hydra
 15275 | Lair:4   | Reached skill level 5 in Conjurations
 15339 | Lair:4   | Reached skill level 5 in Air Magic
 15382 | Lair:4   | Found a labyrinth entrance.
 15399 | Lab      | Entered a labyrinth
 16204 | Lab      | Noticed a minotaur
 16222 | Lab      | Killed a minotaur
 16273 | Lab      | Got a sparkling brass ring
 16409 | Lair:4   | Reached skill level 5 in Summonings
 16428 | Lair:4   | Learned a level 5 spell: Alistair's Intoxication
 16469 | Lair:4   | Lost mutation: Scrolls take you a little longer to read. [evolution]
 16594 | Lair:4   | Reached skill level 10 in Dodging
 16781 | Lair:4   | Identified a +4 rod of shadows (9/9) (You found it in a labyrinth)
 16837 | Lair:4   | Reached XP level 14. HP: 69/82 MP: 20/24
 16885 | Lair:4   | Identified the ring "Lixzupt" {+Inv rF- rC+ Int+3} (You found it in a labyrinth)
 17259 | Lair:4   | Reached skill level 1 in Bows
 17626 | Lair:5   | Reached skill level 1 in Transmutations
 17639 | Lair:5   | Found a staircase to the Slime Pits.
 17733 | Lair:5   | Reached skill level 5 in Evocations
 18159 | Lair:5   | Noticed Urug
 18171 | Lair:5   | Killed Urug
 18383 | Lair:6   | Entered Level 6 of the Lair of Beasts
 18488 | Lair:6   | HP: 4/82 [blink frog (3)]
 18520 | Lair:5   | HP: 5/123 [death yak (14)]
 18524 | Lair:5   | Slain by a death yak

Skill      XL: |  1  2  3  4  5  6  7  8  9 10 11 12 13 14 |
---------------+-------------------------------------------+-----
Short Blades   | 3 4 5 6 |  6.1
Armour         | 1 2 3 |  3.8
Dodging        | 3 4 5 6 7 9 10 | 10.3
Charms         | 1 2 3 4 |  4.8
Stealth        | 1 2 4 5 6 7 8 9 10 | 10.9
Spellcasting   | 3 4 5 6 |  6.7
Fighting       | 3 4 6 7 |  7.5
Translocations | 4 5 6 7 |  7.8
Long Blades    | 1 3 5 6 7 |  7.7
Poison Magic   | 3 4 |  4.4
Air Magic      | 2 4 5 |  5.2
Conjurations   | 2 4 5 |  5.2
Summonings     | 1 3 5 |  5.8
Evocations     | 3 4 5 |  5.2
Invocations    | 1 |  1.4
Bows           | 1 |  1.0
Transmutations | 1 |  1.7
Throwing       | 2 |  2.0

Action                   |  1- 3 |  4- 6 |  7- 9 | 10-12 | 13-15 || total
-------------------------+-------+-------+-------+-------+-------++-------
Melee: Short sword       |   114 |   204 |   172 |       |       ||   490
       Long sword        |       |       |   138 |   490 |   315 ||   943
       Headbutt          |       |       |     6 |   141 |    74 ||   221
       Dagger            |       |       |       |     6 |     2 ||     8
 Fire: Hunting sling     |       |    50 |     7 |       |       ||    57
       Blowgun           |       |       |       |     3 |    14 ||    17
       Shortbow          |       |       |       |     8 |     5 ||    13
Throw: Stone             |     3 |       |     1 |       |       ||     4
       Tomahawk          |       |       |       |     3 |       ||     3
 Cast: Shroud of Golubri |     6 |    21 |    26 |    27 |    34 ||   114
       Blink             |       |       |       |     4 |     4 ||     8
       Mephitic Cloud    |       |       |       |       |     1 ||     1
       Passage of Golubr |       |       |       |       |     1 ||     1
Invok: Stomp             |       |       |     4 |     8 |     2 ||    14
       Grand Finale      |       |       |       |     1 |       ||     1
Evoke: Wand              |       |       |       |       |    16 ||    16
       Fan of gales      |       |       |       |       |     1 ||     1
       Lamp of fire      |       |       |       |       |     1 ||     1
  Use: Scroll            |     2 |    12 |     8 |     8 |     8 ||    38
       Potion            |       |     1 |    15 |     7 |     7 ||    30
 Stab: Sleeping          |       |     3 |     9 |    37 |    10 ||    59
       Paralysed         |       |       |     1 |    25 |    26 ||    52
       Distracted        |       |       |       |     1 |     3 ||     4
  Eat: Chunk             |    10 |     9 |    22 |    21 |     9 ||    71
       Pizza             |       |       |       |       |     4 ||     4
       Royal jelly       |       |       |       |       |     1 ||     1
Armor: Leather armour    |    19 |    40 |    66 |       |       ||   125
       Skin              |       |       |     2 |     7 |    21 ||    30
       Swamp dragon scal |       |       |    37 |   267 |   157 ||   461
Dodge: Dodged            |    85 |   146 |   252 |   645 |   350 ||  1478
       Rpst.: Long sword |       |       |    48 |   168 |   100 ||   316
